 Dungeon Crawl Stone Soup version 0.29-a0-356-g7bc237e783 (webtiles) character file.

Game seed: 11967335975904580403

130 spaghetti the Ducker (level 5, 0/35 HPs)
             Began as a Djinni Fire Elementalist on Apr 26, 2022.
             Slain by a gnoll
             ... wielding a +0 club
              (5 damage)
             ... on level 3 of the Dungeon.
             The game lasted 00:03:29 (3986 turns).

spaghetti the Ducker (Djinni Fire Elementalist)     Turns: 3986, Time: 00:03:30

Health: 0/35       AC:  3    Str:  7    XL:     5   Next: 36%
Gold:   139        EV: 14    Int: 18    God:
                   SH:  0    Dex: 20

rFire   + + .      SeeInvis .   (no weapon)
rCold   x . .      Faith    .   (no shield)
rNeg    . . .      Spirit   .   a - +0 robe
rPois   ∞          Reflect  .   B - +0 helmet
rElec   .          Harm     .   (no cloak)
rCorr   .          Rampage  .   (no gloves)
Will    .....                   (boots unavailable)
Stlth   +++.......              (no amulet)
HPRegen 0.11/turn               t - +6 ring of dexterity
MPRegen 0.00/turn               (no ring)

@: flying
A: sickness immunity, fire resistance 2, cold vulnerability 1, float, innate
caster, HP casting, extra vitality 1
a: no special abilities


You were on level 3 of the Dungeon.
You visited 1 branch of the dungeon, and saw 3 of its levels.

You collected 139 gold pieces.


Innate Abilities, Weirdness & Mutations

You are immune to sickness and miasma.
You are immune to poison.
Your flesh is very heat resistant. (rF++)
You are vulnerable to cold. (rC-)
You float through the air rather than walking.
You learn spells naturally, not from books.
Your magical power is your life essence.
You have superior vitality. (+4 MHP)


   Skills:
 + Level 3.7 Dodging
 - Level 2.8 Stealth
 + Level 3.2 Spellcasting


You couldn't memorise any spells.
You knew the following spells:

 Your Spells              Type           Power      Damage    Failure   Level
a - Foxfire               Conj/Fire      56%        2x1d6     4%          1
b - Scorch                Fire           28%        2d6       6%          2
c - Conjure Flame         Conj/Fire      14%        6-21      13%         3
d - Inner Flame           Hex/Fire       14%        N/A       13%         3
e - Flame Wave            Conj/Fire      14%        2d6       38%         4
f - Animate Skeleton      Necr           28%        N/A       4%          1
g - Corpse Rot            Necr/Air       28%        N/A       6%          2
Your spell library was empty.

Inventory:

Hand Weapons
 b - a +0 short sword {short}
   (You took it off a kobold on level 1 of the Dungeon)
 d - a +0 whip {mace}
   (You took it off a kobold on level 1 of the Dungeon)
 e - a +0 hand axe {axe}
   (You found it on level 1 of the Dungeon)
 g - a +0 dagger {short}
   (You took it off a goblin on level 1 of the Dungeon)
 h - a +0 club {mace}
   (You took it off a goblin on level 1 of the Dungeon)
 j - a +0 short sword {short}
   (You took it off a kobold on level 1 of the Dungeon)
 l - a +0 club {mace}
   (You took it off a goblin on level 1 of the Dungeon)
 o - a +0 whip {mace}
   (You took it off a kobold on level 1 of the Dungeon)
 r - a +0 great sword {long}
   (You found it on level 1 of the Dungeon)
 w - a +0 flail {mace}
   (You took it off a gnoll on level 1 of the Dungeon)
 x - a +0 flail {mace}
   (You took it off a gnoll on level 2 of the Dungeon)
 z - a +0 dagger {short}
   (You took it off a goblin on level 2 of the Dungeon)
 C - a +0 mace {mace}
   (You took it off an orc on level 2 of the Dungeon)
 D - a +0 whip {mace}
   (You took it off an orc on level 2 of the Dungeon)
 E - a +0 club {mace}
   (You took it off an orc on level 2 of the Dungeon)
 G - a +0 short sword {short}
   (You found it on level 2 of the Dungeon)
 I - a +0 whip {mace}
   (You found it on level 3 of the Dungeon)
 J - a +0 spear {polearm}
   (You found it on level 3 of the Dungeon)
 K - a +0 spear {polearm}
   (You found it on level 3 of the Dungeon)
 L - a +0 club {mace}
   (You found it on level 3 of the Dungeon)
 M - a +0 spear {polearm}
   (You found it on level 3 of the Dungeon)
Missiles
 n - 66 stones {throwing}
 v - 3 poisoned darts {throwing}
 y - a throwing net {=f!fthrowing}
Armour
 a - a +0 robe (worn)
 B - a +0 helmet (worn)
   (You found it on level 2 of the Dungeon)
Jewellery
 t - a +6 ring of dexterity (left hand)
   (You found it on level 1 of the Dungeon)
Scrolls
 i - a scroll of immolation {unknown}
 k - a scroll of identify {unknown}
 m - a scroll of amnesia {unknown}
 s - 2 scrolls of vulnerability {unknown}
 F - a scroll of teleportation {unknown}
 H - a scroll of silence {unknown}
Potions
 c - a potion of invisibility {unknown}
 f - 3 potions of heal wounds {@q2}
 p - 2 potions of curing {unknown}
 q - a potion of flight {unknown}
 u - a potion of cancellation {unknown}
 A - 2 potions of brilliance {unknown}

Dungeon Overview and Level Annotations

Branches:
Dungeon (3/15)

Altars:
Makhleb

##...#####
#.....##.....
#..###
#.######...#.
#.## #...#
#...## ##.#
#.#.# #...#
###..# #.#.#
###.. ##...##
#.#.# #.
...###
###..#.# ####
####...##.##
..##
#...@)......
#..###
#.###gg.....
##...## #.#
......)
###..#### #.#
.......
##....####.#
.......
####......#
.......
#####..#
####### ####


You could see 2 gnolls.


Message History

Casting: Scorch (safe; 7% risk of failure)
Confirm with . or Enter, or press ? or * to list all spells.
Flames lash the adder.
The adder's fire resistance burns away. 😕 HP[-1]
You take 1 damage, and now have 34/35 hp.
Casting: Scorch (safe; 7% risk of failure)
Confirm with . or Enter, or press ? or * to list all spells.
Flames lash the adder.
The adder is burned terribly!
You kill the adder! 😕 HP[-2]
You take 2 damage, and now have 32/35 hp.
Found a burning altar of Makhleb.
Found an escape hatch in the floor. 😎 HP[+3]
Your hp is fully restored (35).
p - 2 lumpy dark potions (gained 1)
I - a +0 whip {mace}
There is a burning altar of Makhleb here.
You see here a +0 robe.
You now have 116 gold pieces (gained 12).
A quokka comes into view.
You see here 9 gold pieces.
A quokka is nearby!
A quokka is nearby!
A quokka is nearby!
The quokka closely misses you.
The quokka bites you but does no damage.
Casting: Scorch (safe; 7% risk of failure)
Confirm with . or Enter, or press ? or * to list all spells.
Flames lash the quokka.
You kill the quokka! 😕 HP[-2]
You take 2 damage, and now have 33/35 hp.
Casting: Scorch (safe; 7% risk of failure)
Confirm with . or Enter, or press ? or * to list all spells.
You can't see any susceptible monsters within range! (Use Z to cast anyway.)
You now have 125 gold pieces (gained 9).
Key pressed, stopping explore.
J - a +0 spear {polearm} 😎 HP[+2]
Your hp is fully restored (35).
Found a stone staircase leading down.
There is a stone staircase leading down here.
Found an escape hatch in the ceiling.
There is an escape hatch in the ceiling here.
K - a +0 spear {polearm}
L - a +0 club {mace}
M - a +0 spear {polearm} You now have 139 gold pieces (gained 14).
There is an escape hatch in the ceiling here. 2 gnolls come into view.
The gnoll shouts! x2
A gnoll comes into view. It is wielding a +0 club.
There are monsters nearby!
The gnoll hits you with a +0 club. 😕 HP[-4]
You take 4 damage, and now have 31/35 hp.
Casting: Scorch (safe; 7% risk of failure)
Confirm with . or Enter, or press ? or * to list all spells.
Flames lash the gnoll.
The gnoll's fire resistance burns away.
The gnoll shouts!
The gnoll hits you with a +0 club. The gnoll closely misses you. 😕 HP[-4]
You take 4 damage, and now have 27/35 hp.
Casting: Scorch (safe; 7% risk of failure)
Confirm with . or Enter, or press ? or * to list all spells.
Flames lash the gnoll.
The gnoll's fire resistance burns away.
The gnoll hits you with a +0 club! The gnoll closely misses you. 😮 HP[-9]
You take 9 damage, and now have 18/35 hp.
MASSIVE DAMAGE!! (PAUSE)
Casting: Scorch (safe; 7% risk of failure)
Confirm with . or Enter, or press ? or * to list all spells.
Flames lash the gnoll.
The gnoll is burned terribly!
You kill the gnoll!
* * * LOW HITPOINT WARNING * * *
The gnoll hits you from afar with a +0 halberd.
* * * LOW HITPOINT WARNING * * *
The gnoll completely misses you. 😨 HP[-7]
You take 7 damage, and now have 11/35 hp.
Casting: Scorch (safe; 6% risk of failure)
Confirm with . or Enter, or press ? or * to list all spells.
Flames lash the gnoll.
The gnoll's fire resistance burns away.
* * * LOW HITPOINT WARNING * * *
The gnoll barely misses you. The gnoll misses you. 😨 HP[-2]
You take 2 damage, and now have 9/35 hp.
Casting: Scorch (safe; 6% risk of failure)
Confirm with . or Enter, or press ? or * to list all spells.
Flames lash the gnoll.
The gnoll is burned terribly!
* * * LOW HITPOINT WARNING * * *
The gnoll barely misses you.
The gnoll completely misses you. 😱 HP[-2]
You take 2 damage, and now have 7/35 hp.
Casting: Scorch (safe; 6% risk of failure)
Confirm with . or Enter, or press ? or * to list all spells.
Flames lash the gnoll.
The gnoll is burned terribly!
* * * LOW HITPOINT WARNING * * *
The gnoll hits you with a +0 club.
You die...

Skill      XL: |  1  2  3  4 |
---------------+-------------+-----
Stealth        | 2 |  2.8
Dodging        | 3 |  3.7
Spellcasting   | 3 |  3.2

Action                   |  1- 3 |  4- 6 || total
-------------------------+-------+-------++-------
 Cast: Foxfire           |    59 |     1 ||    60
       Scorch            |    10 |    45 ||    55
  Use: Potion            |     1 |       ||     1
Armor: Robe              |     5 |     6 ||    11
Dodge: Dodged            |    17 |    23 ||    40

Levels and vault maps discovered:
D:1:      pf_arrival_petrified_forest, layout_rooms, basic_ecumenical_altar,
          dk_noncrumbling_2
D:2:      layout_basic
D:3:      layout_rooms, bloody_makhleb

Notes
Turn   | Place    | Note
-------+----------+-------------------------------------------
     0 | D:1      | spaghetti the Djinni Fire Elementalist began the quest for
                  | the Orb.
     0 | D:1      | Reached XP level 1. HP: 15/15 MP: 0/0
     0 | D:1      | magus.rc [v1.9.6]
   194 | D:1      | Reached XP level 2. HP: 13/21 MP: 0/0
   422 | D:1      | Reached skill level 2 in Stealth
   629 | D:1      | Found a faded altar of an unknown god.
   968 | D:1      | Reached XP level 3. HP: 21/25 MP: 0/0
   968 | D:1      | Learned a level 1 spell: Animate Skeleton
  1636 | D:2      | HP: 5/25 [adder (4)]
  1638 | D:2      | HP: 1/25 [adder (4)]
  1649 | D:1      | Reached skill level 3 in Dodging
  1810 | D:1      | Reached XP level 4. HP: 11/31 MP: 0/0
  2423 | D:2      | Reached skill level 3 in Spellcasting
  2892 | D:2      | Reached XP level 5. HP: 21/35 MP: 0/0
  2892 | D:2      | Learned a level 2 spell: Corpse Rot
  3839 | D:3      | Found a burning altar of Makhleb.
  3986 | D:3      | Slain by a gnoll

Vanquished Creatures
  2 adders
  5 gnolls
  A dart slug (D:2)
  3 orcs (D:2)
  7 bats
  4 endoplasms
  A giant cockroach (D:1)
  4 goblins
  4 hobgoblins
  10 jackals
  2 quokkas
  4 ball pythons (D:1)
  4 frilled lizards (D:1)
  4 kobolds (D:1)
  5 rats (D:1)
60 creatures vanquished.

Vanquished Creatures (others)
  86 foxfires
86 creatures vanquished.

Grand Total: 146 creatures vanquished

Table legend:
 A = Non-vault XP
 B = Vault XP
 C = Vault XP percentage of total XP
 D = Non-vault monster count
 E = Vault monster count
 F = Vault count percentage of total count
                 A         B        C        D         E       F
            +---------+---------+-------+---------+---------+-------
      Total |     187 |       0 |   0.0 |      60 |       0 |   0.0
            +---------+---------+-------+---------+---------+-------
        D:1 |     102 |       0 |   0.0 |      37 |       0 |   0.0
        D:2 |      56 |       0 |   0.0 |      20 |       0 |   0.0
        D:3 |      29 |       0 |   0.0 |       3 |       0 |   0.0
            +---------+---------+-------+---------+---------+-------

Illustrated notes

Table legend:
 A = Kills in this place as a percentage of kills in entire the game.
 B = Kills by you in this place as a percentage of kills by you in the entire game.
 C = Kills by friends in this place as a percentage of kills by friends in the entire game.
 D = Other kills in this place as a percentage of other kills in the entire game.
 E = Experience gained in this place as a percentage of experience gained in the entire game.
 F = Experience gained in this place divided by the number of levels of this place that you have seen.
                   A       B       C       D       E      F
               +-------+-------+-------+-------+-------+----------------------
         Total | 100.0 | 100.0 |   N/A |   N/A | 100.0 |  62.3
       Dungeon | 100.0 | 100.0 |   N/A |   N/A | 100.0 |  62.3
               +-------+-------+-------+-------+-------+----------------------

Table legend: (Time is in decaauts)
 A = Elapsed time spent in this place.
 B = Non-inter-level travel time spent in this place.
 C = Inter-level travel time spent in this place.
 D = Time resting spent in this place.
 E = Time spent auto-exploring this place.
 F = Levels seen in this place.
 G = Mean time per level.
                   A        B        C        D        E       F      G
               +--------+--------+--------+--------+--------+-----+--------+
         Total |   3990 |   3940 |     50 |   1407 |   2234 |   3 | 1330.0 |
       Dungeon |   3990 |   3940 |     50 |   1407 |   2234 |   3 | 1330.0 |
               +--------+--------+--------+--------+--------+-----+--------+

Top non-repeatable levels by time:
     D:1: 2391 daAuts
     D:2: 1418 daAuts
     D:3: 180 daAuts
